 Dungeon Crawl Stone Soup version 0.28-a0-1624-g820543e53a (webtiles) character file.

Game seed: 1465333400656468387

52 HallandMoats the Vandal (level 3, 0/30 HPs)
             Began as a Ghoul Hunter on Jan 24, 2022.
             Was a Plaything of Xom.
             Slain by an ufetubus (4 damage)
             ... summoned by Xom
             ... on level 2 of the Dungeon.
             The game lasted 00:01:43 (1083 turns).

HallandMoats the Vandal (Ghoul Hunter)              Turns: 1083, Time: 00:01:45

Health: 0/30       AC:  4    Str: 21    XL:     3   Next: 85%
Magic:  2/2        EV: 12    Int:  6    God:    Xom [......]
Gold:   110        SH:  0    Dex: 11    Spells: 2/2 levels left

rFire   . . .      SeeInvis .   a - +1 hunting sling
rCold   + . .      Faith    .   (no shield)
rNeg    + + +      Spirit   .   c - +0 leather armour
rPois   ∞          Reflect  .   (no helmet)
rElec   .          Harm     .   k - +0 cloak
rCorr   .          Rampage  .   (no gloves)
Will    .....                   (no boots)
Stlth   +.........              (no amulet)
HPRegen 0.00/turn               f - +6 ring of strength
MPRegen 0.08/turn               (no ring)

@: inhibited regen
A: claws 1, cold resistance 1, negative energy resistance 3, inhibited
regeneration, torment resistance 2
a: Renounce Religion


You were on level 2 of the Dungeon.
You worshipped Xom.
You were a very special plaything of Xom.
You visited 1 branch of the dungeon, and saw 2 of its levels.

You collected 110 gold pieces.

Inventory:

Hand Weapons
 a - a +1 hunting sling (weapon)
 b - a +0 trident of freezing
Missiles
 d - 25 sling bullets (quivered ammo)
 j - 28 stones
Armour
 c - a +0 leather armour (worn)
 k - a +0 cloak (worn)
Jewellery
 f - a +6 ring of strength (left claw)
Scrolls
 e - a scroll of identify {unknown}
 h - a scroll of noise {unknown}
 m - a scroll of teleportation {unknown}
 o - a scroll of immolation {unknown}
Potions
 g - a potion of flight {unknown}
 i - a potion of might {unknown}
 l - a potion of cancellation {unknown}
 n - 2 potions of curing
 p - a potion of mutation {unknown}


   Skills:
 + Level 2.7 Fighting
 * Level 4.2 Slings
 + Level 1.1 Armour
 + Level 2.2 Dodging
 - Level 1.1 Stealth


You had 2 spell levels left.
You didn't know any spells.
Your spell library was empty.

Dungeon Overview and Level Annotations

Branches:
Dungeon (2/15)

Altars:
Xom


Innate Abilities, Weirdness & Mutations

You thrive by killing the living.
You are immune to poison.
You have sharp fingernails.
Your flesh is cold resistant. (rC+)
You are immune to negative energy. (rN+++)
You do not regenerate when monsters are visible.
You are immune to unholy pain and torment.


Message History

You shoot a sling bullet.
The sling bullet closely misses the ufetubus.
The ufetubus hits you. The ufetubus closely misses you. x2
The ufetubus hits you. The ufetubus misses you. x2
You are too injured to fight recklessly!
Unknown command.
You are too injured to fight recklessly!
Unknown command.
You are too injured to fight recklessly!
Unknown command.
The ufetubus hits you but does no damage.
The ufetubus closely misses you. The ufetubus closely misses you.
The ufetubus barely misses you. The ufetubus hits you.
* * * LOW HITPOINT WARNING * * *
The ufetubus barely misses you. The ufetubus closely misses you.
The ufetubus barely misses you.
The ufetubus hits you but does no damage. x2
The ufetubus misses you. The ufetubus hits you.
* * * LOW HITPOINT WARNING * * *
The ufetubus barely misses you.
The ufetubus hits you but does no damage.
The ufetubus hits you.
* * * LOW HITPOINT WARNING * * *
The ufetubus closely misses you. The ufetubus barely misses you. x2
A ball python comes into view.
It was a potion of curing.
You feel better. The ufetubus hits you. The ufetubus closely misses you.
The ufetubus hits you.
* * * LOW HITPOINT WARNING * * *
The ufetubus barely misses you. x2; The ufetubus hits you.
* * * LOW HITPOINT WARNING * * *
The ufetubus barely misses you. The ufetubus hits you.
* * * LOW HITPOINT WARNING * * *
You feel better.
The ball python hisses angrily.
The ufetubus barely misses you. The ufetubus hits you.
* * * LOW HITPOINT WARNING * * *
The ufetubus closely misses you. The ufetubus hits you.
You die... "This toy is broken."

########## #####.....#
.........## #...#.###.#
######.#.###.....# #.# ###
##.###.##...#.###.# ##.#######.##
##...#.......#
#...........###.##....##.###
###.##.#.###.S#.###....#...#
....#.###.##.#.###.........######
####.#####.#.##<@5.......).(.)...
#.###..(..>##..5............###
##.##.##...##.......#.#####(#
##.#.#.#...........#.# #.#
##...##.###.......#.#####.###
##.###...................... #.#
#####.......#######.##. #.#
######### #.##. #.# #.##.


You could see 2 ufetubi and a ball python.

Vanquished Creatures
  An adder (D:2)
  A dart slug (D:2)
  3 ball pythons
  5 endoplasms
  2 giant cockroaches
  2 goblins (D:2)
  5 hobgoblins
  3 jackals (D:1)
  2 quokkas
  2 bats
  A frilled lizard (D:2)
  5 kobolds (D:1)
  4 rats
36 creatures vanquished.

Notes
Turn   | Place    | Note
-------+----------+-------------------------------------------
     0 | D:1      | HallandMoats the Ghoul Hunter began the quest for the Orb.
     0 | D:1      | Reached XP level 1. HP: 17/17 MP: 0/0
   133 | D:1      | Found a faded altar of an unknown god.
   140 | D:1      | Reached XP level 2. HP: 25/25 MP: 1/1
   155 | D:1      | Prayed at the altar of an unknown god.
   155 | D:1      | Became a worshipper of Xom of Chaos
   178 | D:1      | XOM: silly message
   356 | D:1      | You fall into a shaft and drop 1 floor!
   356 | D:2      | XOM: stat loss: -1 Dex (8/9)
   365 | D:2      | XOM: swap monsters
   368 | D:2      | Reached skill level 4 in Slings
   368 | D:2      | Reached XP level 3. HP: 30/30 MP: 2/2
   694 | D:1      | Reached skill level 1 in Armour
  1064 | D:2      | XOM: summons 2 hostile demons
  1082 | D:2      | HP: 1/30 [ufetubus[Xom] (4)]
  1083 | D:2      | Slain by an ufetubus

Illustrated notes

Levels and vault maps discovered:
D:1:      wander_arrival_desolate, layout_basic, basic_ecumenical_altar
D:2:      layout_loops_ring, serial_bayou_pond_d, minmay_cupped

Skill      XL: |  1  2  3 |
---------------+----------+-----
Dodging        | 2 |  2.2
Slings         | 4 |  4.2
Armour         | 1 |  1.1
Fighting       | |  2.7
Stealth        | |  1.1

Action                   || total
-------------------------++-------
 Fire: Hunting sling     ||    79
  Use: Potion            ||     2
Armor: Leather armour    ||    15
Dodge: Dodged            ||    40

Table legend: (Time is in decaauts)
 A = Elapsed time spent in this place.
 B = Non-inter-level travel time spent in this place.
 C = Inter-level travel time spent in this place.
 D = Time resting spent in this place.
 E = Time spent auto-exploring this place.
 F = Levels seen in this place.
 G = Mean time per level.
                   A        B        C        D        E       F      G
               +--------+--------+--------+--------+--------+-----+--------+
         Total |   1082 |   1072 |     10 |      0 |    840 |   2 |  541.0 |
       Dungeon |   1082 |   1072 |     10 |      0 |    840 |   2 |  541.0 |
               +--------+--------+--------+--------+--------+-----+--------+

Top non-repeatable levels by time:
     D:1: 709 daAuts
     D:2: 372 daAuts
